 Dungeon Crawl Stone Soup version 0.17-a0-1534-gf98da79 (webtiles) character file.

79 namelastname112 the Magician (level 4, -6/33 HPs)
             Began as a Draconian Wizard on July 17, 2015.
             Was an Initiate of Vehumet.
             Engulfed by a cloud of flame (20 damage)
             ... on level 2 of the Dungeon.
             The game lasted 00:03:19 (1243 turns).

namelastname112 the Magician (Draconian Wizard)     Turns: 1243, Time: 00:03:19

Health: -6/33      AC:  5    Str:  9    XL:     4   Next: 16%
Magic:  10/10      EV: 12    Int: 19    God:    Vehumet [......]
Gold:   39         SH:  0    Dex: 10    Spells: 1 memorised, 10 levels left

rFire  . . .     SeeInvis .     e - +0 dagger
rCold  . . .     Clarity  .     (armour unavailable)
rNeg   . . .     SustAt   .     (no shield)
rPois  .         Gourm    .     a - +0 hat
rElec  .         Spirit   .     (no cloak)
rCorr  .         Warding  .     (no gloves)
rMut   .         Stasis   .     (no boots)
MR     .....                    (no amulet)
Stlth  ++........               (no ring)
                                (no ring)

@: not resistant to hostile enchantments, unstealthy
A: unfitting armour, cold-blooded, AC +5
a: Renounce Religion


You were on level 2 of the Dungeon.
You worshipped Vehumet.
Vehumet was noncommittal.
You were not hungry.

You visited 1 branch of the dungeon, and saw 2 of its levels.

You collected 39 gold pieces.

Inventory:

Hand weapons
 e - a +0 dagger (weapon)
Armour
 a - a +0 hat (worn)
Scrolls
 d - 2 scrolls of identify {unknown}
 h - a scroll of enchant armour {unknown}
 k - 3 scrolls of fog {unknown}
 o - a scroll of magic mapping {unknown}
 p - 2 scrolls of recharging {unknown}
Potions
 i - a potion of lignification {unknown}
 l - a potion of flight {unknown}
 m - a potion of curing {unknown}
 n - a potion of magic {unknown}
Books
 b - a book of Minor Magic

   Spells                             Type                      Level
   a - Magic Dart                     Conjuration                  1
   b - Blink                          Translocation                2
   c - Call Imp                       Summoning                    2
   d - Repel Missiles                 Charms/Air                   2
   e - Slow                           Hexes                        2
   f - Conjure Flame                  Conjuration/Fire             3
   g - Mephitic Cloud                 Conjuration/Poison/Air       3
Comestibles
 c - 2 bread rations
 f - 4 meat rations
 g - 3 fruits
 j - 2 slices of pizza


   Skills:
 - Level 1.7 Dodging
 - Level 1.7 Stealth
 + Level 4.0 Spellcasting
 + Level 2.7 Conjurations
   Level 1.0 Summonings
   Level 1.0 Translocations


You had 10 spell levels left.
You knew the following spells:

 Your Spells              Type           Power        Failure   Level  Hunger
z - Magic Dart            Conj           ##..         6%          1    None


Dungeon Overview and Level Annotations

Branches:
Dungeon (2/15)

Altars:
Vehumet


Innate Abilities, Weirdness & Mutations

Your plain brown scales are hard (AC +5).
Your body does not fit into most forms of armour.
You are cold-blooded and may be slowed by cold attacks.


Message History

Casting: Magic Dart
Confirm with . or Enter, or press ? or * to list all spells.
You can't see any susceptible monsters within range! (Use Z to cast anyway.)
Casting: Magic Dart
Confirm with . or Enter, or press ? or * to list all spells.
You can't see any susceptible monsters within range! (Use Z to cast anyway.)
You see here 8 poisoned needles.
Really walk into a travel-excluded area?
You are engulfed in roaring flames.
Ouch! That really hurt!
There is a radiant altar of Vehumet here.
You kneel at the altar of Vehumet.
Vehumet welcomes you!
Press: ? - help, v - describe, . - travel A radiant altar of Vehumet.
You start resting.
Magic restored.
You start resting.
You are engulfed in roaring flames.
Ouch! That really hurt!
You die...

####### #..§..#
#############.§§§.#
#...........#.§@..#
##.#####.......§§§.#
...#####.###.......#
...÷.....# #(##.#..#
##.#########.##...##
#.# ####.......##
##.#####............
...).........####.###
.#.......###.####.###


There were no monsters in sight!

Vanquished Creatures
  3 adders (D:2)
  An ooze (D:1)
  A giant gecko (D:1)
  A ball python (D:1)
  5 goblins (D:1)
  6 hobgoblins
  6 kobolds
  A quokka (D:2)
  4 bats (D:1)
  A giant cockroach (D:1)
  4 giant newts
  18 rats
51 creatures vanquished.

Notes
Turn   | Place    | Note
--------------------------------------------------------------
     0 | D:1      | namelastname112 the Draconian Wizard began the quest for the Orb.
     0 | D:1      | Reached XP level 1. HP: 14/14 MP: 4/4
   162 | D:1      | Reached XP level 2. HP: 10/20 MP: 0/6
   579 | D:1      | Reached XP level 3. HP: 22/26 MP: 0/8
  1165 | D:2      | Reached XP level 4. HP: 33/33 MP: 5/9
  1176 | D:2      | Reached skill level 4 in Spellcasting
  1209 | D:2      | Found a radiant altar of Vehumet.
  1237 | D:2      | Became a worshipper of Vehumet
  1243 | D:2      | Engulfed by a cloud of flame

Vault maps used:
D:1:      erik_arrival_orb_chamber
D:2:      fiery_altar_vehumet, lemuel_zombie_altar_yredelemnul

Action                   |  1- 3 |  4- 6 || total
-------------------------+-------+-------++-------
Melee: Unarmed           |    45 |       ||    45
       Dagger            |    27 |     7 ||    34
 Cast: Magic Dart        |    76 |     5 ||    81
 Stab: Sleeping          |       |     1 ||     1
  Eat: Chunk             |       |     1 ||     1
